 Dungeon Crawl Stone Soup version 0.26.0-10-g1f06aea511 (webtiles) character file.

Game seed: 6832413073350380080

746 wakim the Cleaver (level 7, -3/64 HPs)
             Began as a Hill Orc Monk on Jan 14, 2021.
             Hit by a boomerang thrown by an orc warrior (6 damage)
             ... on level 4 of the Dungeon.
             The game lasted 00:17:17 (3869 turns).

wakim the Cleaver (Hill Orc Monk)                   Turns: 3869, Time: 00:17:17

Health: -3/64      AC:  9    Str: 13 (16) XL:     7   Next: 77%
Magic:  7/7        EV: 11    Int: 10      God:
Gold:   148        SH:  0    Dex: 11 (13) Spells: 6/6 levels left

rFire    . . .     SeeInvis +   z - +0 battleaxe
rCold    . . .     Faith    .   (shield currently unavailable)
rNeg     . . .     Spirit   .   l - +3 ring mail
rPois    +         Reflect  .   (no helmet)
rElec    .         Harm     .   (no cloak)
rCorr    .         Rampage  .   (no gloves)
Will     .....                  (no boots)
Stlth    +.........             A - amulet of regeneration
HPRegen  0.60/turn              s - ring of poison resistance
MPRegen  0.10/turn              y - ring of see invisible

@: slowed, very slow
A: no striking features
a: no special abilities


You were on level 4 of the Dungeon.
You visited 1 branch of the dungeon, and saw 4 of its levels.
You also visited: Sewer.

You collected 148 gold pieces.

Inventory:

Hand Weapons
 z - a +0 battleaxe (weapon)
Armour
 l - a +3 ring mail (worn)
Jewellery
 g - a +6 ring of intelligence
 s - a ring of poison resistance (left hand)
 x - a +6 ring of dexterity
 y - a ring of see invisible (right hand)
 A - an amulet of regeneration (around neck)
Wands
 o - a wand of flame (38)
Scrolls
 i - 5 scrolls of teleportation
 m - a scroll of magic mapping
 n - 3 scrolls of fear
 r - 2 scrolls of immolation
 u - a scroll of remove curse
 B - 2 scrolls of fog
Potions
 e - 2 potions of berserk rage
 h - 5 potions of curing
 p - 2 potions of heal wounds
 v - 2 potions of haste
 C - a potion of magic


   Skills:
 * Level 6.5 Fighting
 + Level 8.0 Axes
 * Level 4.7 Armour
 - Level 2.4 Dodging
 - Level 1.5 Stealth


You had 6 spell levels left.
You didn't know any spells.
Your spell library contained the following spells:

 Spells                   Type           Power        Failure   Level
 Sandblast                Erth           0%           58%         1
 Passwall                 Tmut/Erth      0%           75%         2
 Stone Arrow              Conj/Erth      0%           92%         3
 Petrify                  Tmut/Erth      0%           100%        4
 Lee's Rapid Deconstruct  Erth           0%           100%        5


Dungeon Overview and Level Annotations

Branches:
Dungeon (4/15)              Sewer (visited)
 Temple: D:4-7

Altars:
Trog

Shops:
D:4 :


Message History

The weapon returns to the orc warrior!
The orc warrior throws a boomerang.
The boomerang barely misses you.
The weapon returns to the orc warrior!
The orc wizard gestures wildly while chanting.
The orc wizard blinks!
The orc warrior throws a boomerang.
The boomerang barely misses you.
The weapon returns to the orc warrior!
The orc warrior throws a boomerang.
The boomerang barely misses you.
The weapon returns to the orc warrior!
The orc wizard closely misses you.
You slash the orc wizard!
You kill the orc wizard!
The orc warrior throws a boomerang.
The boomerang hits you!
* * * LOW HITPOINT WARNING * * *
The weapon returns to the orc warrior!
The orc warrior throws a boomerang.
The boomerang barely misses you.
The weapon returns to the orc warrior!
The orc warrior throws a boomerang.
The boomerang hits you.
* * * LOW HITPOINT WARNING * * *
The weapon returns to the orc warrior!
A frilled lizard comes into view.
The orc warrior throws a boomerang.
The boomerang hits you.
You die...

......#.^##..###.......##.#*,,,,,
[.....##.##...##....l......,,,,,,
.(....##......##.......#*,,,,,<,,
......###..#...<.......#*,,,,,,,,
............#.##.......#**,*,*,**
####....#.#............#**,,,*,*
####.#.####............,,,*,*
#...###.......###>...,**,*
##......##@##.#*,....,**,*
#...#.....##.##..#..,,,,*
#......#.........*..,,,,**
#..##......##.#..,,,*,,,,,
#.......#.##*,,,,*,,**,,,, *****
#..........##,,,,,,,,,,,,, ,,,,*
#...∩(.........,**,,,,,,,*
,,,,*###...o.........#,**,,,,,,,,
,,..##............####,*,,,,,,,,,


You could see an orc warrior and a frilled lizard (wandering).

Vanquished Creatures
  A phantom (D:4)
  3 bullfrogs
  A scorpion (D:2)
  4 orc wizards
  9 adders
  6 river rats (Sewer)
  An ooze (Sewer)
  5 worms
  3 dart slugs
  4 leopard geckos (D:1)
  13 orcs
  4 giant cockroaches
  8 goblins
  9 hobgoblins
  8 jackals (D:1)
  A quokka (D:3)
  13 ball pythons
  8 bats
  5 frilled lizards
  12 kobolds
  28 rats
146 creatures vanquished.

Vanquished Creatures (others)
  7 plants (D:1)
7 creatures vanquished.

Grand Total: 153 creatures vanquished

Notes
Turn   | Place    | Note
-------+----------+-------------------------------------------
     0 | D:1      | wakim the Hill Orc Monk began the quest for the Orb.
     0 | D:1      | Reached XP level 1. HP: 19/19 MP: 1/1
   232 | D:1      | Reached XP level 2. HP: 16/27 MP: 2/2
   447 | D:1      | Reached skill level 1 in Armour
   715 | D:1      | Reached XP level 3. HP: 31/33 MP: 3/3
  1049 | D:1      | Reached skill level 5 in Axes
  1266 | D:2      | Found a faded altar of an unknown god.
  1301 | D:2      | Noticed a scorpion
  1302 | D:2      | Noticed a bullfrog
  1329 | D:1      | Killed a bullfrog
  1330 | D:1      | Reached XP level 4. HP: 20/41 MP: 4/4
  1805 | D:2      | Reached XP level 5. HP: 47/47 MP: 5/5
  1954 | D:2      | Reached skill level 6 in Axes
  2583 | D:3      | Reached skill level 5 in Fighting
  2583 | D:3      | Reached XP level 6. HP: 56/56 MP: 6/6
  2856 | D:3      | Reached skill level 7 in Axes
  3073 | D:3      | Found a bloodstained altar of Trog.
  3205 | D:4      | Found a glowing drain.
  3251 | Sewer    | Entered a sewer
  3373 | Sewer    | Reached XP level 7. HP: 15/61 MP: 7/7
  3615 | Sewer    | Reached skill level 8 in Axes
  3834 | D:4      | Found Ywume Yxkirr's Book Shoppe.
  3869 | D:4      | HP: 3/64 [orc warrior/boomerang (3)]
  3869 | D:4      | Hit by a boomerang thrown by an orc warrior

Illustrated notes

Levels and vault maps discovered:
D:1:      erik_arrival_blinker_ship, layout_basic, minmay_misc_feat_enclosed,
          roderic_roman_lattice, lexackson_kobold_supper
D:2:      layout_basic, chequers_ecumenical_altar_simple, chequers_garden
D:3:      layout_basic, kennysheep_decorative_pillar,
          chequers_serial_rivers_room_b, trog_hazing_becter
D:4:      layout_rooms, nicolae_overflow_hidden_temple,
          cheibrodos_sewer_entry_bend, serial_shops, shop

Skill      XL: |  1  2  3  4  5  6  7 |
---------------+----------------------+-----
Armour         | 1 2 3 4 |  4.7
Fighting       | 4 5 6 |  6.5
Axes           | 5 6 7 8 |  8.0
Dodging        | |  2.4
Stealth        | |  1.5

Action                   |  1- 3 |  4- 6 |  7- 9 || total
-------------------------+-------+-------+-------++-------
Melee: Hand axe          |   125 |   238 |       ||   363
       Battleaxe         |       |    83 |    93 ||   176
Evoke: Wand              |       |       |     6 ||     6
  Use: Scroll            |       |     4 |     6 ||    10
       Potion            |       |     1 |    10 ||    11
 Stab: Sleeping          |     2 |     2 |       ||     4
Armor: Robe              |    15 |       |       ||    15
       Ring mail         |    23 |   113 |    81 ||   217
Dodge: Dodged            |   119 |   215 |   114 ||   448
